AoeStats
← WEN

Oasis

509868052Analyzed
4v4 RM · 5d ago on Sep 28, 2026· 20m 3s· 8 players
Game mode
Random Map
Map size
Large (8 player)
Population
200
Speed
Normal
Resources
Standard
Victory
Conquest
Starting age
Dark Age
Ending age
Imperial Age
RankedLock teamsTeams togetherTeam positionsShared explorationLock speedFull tech treeHidden civsTurbo modeCheats
Victory
Defeat
🇻🇳 Saxons · Vietnam
1278
+15
🇲🇽 Khitans · Mexico
1227
+17
1220
+18
🇧🇪 Saracens · Belgium
1208
+19
🇹🇼 Magyars · Taiwan
1276
-18
🇨🇳 Mongols · China
1257
-17
🇨🇳 Spanish · China
1255
-17
🇦🇺 Persians · Australia
1252
-17
rAiDz
5:04 Loom
10:37 Feudal Age
15:43 Castle Age
14:07 Horse Collar
14:58 Double-Bit Axe
16:47 Wheelbarrow
16:56 Heavy Plow
TigerBitePig
7:09 Loom
9:31 Feudal Age
10:05 Double-Bit Axe
13:48 Horse Collar
18:38 Fletching
永远在进步
10:24 Feudal Age
14:47 Castle Age
13:08 Horse Collar
15:51 Heavy Plow
17:34 Loom
WEN
11:55 Feudal Age
15:39 Castle Age
13:51 Double-Bit Axe
14:49 Horse Collar
17:14 Loom
17:47 Bow Saw
BreekVuist
10:51 Feudal Age
11:53 Double-Bit Axe
11:49 Horse Collar
13:50 Loom
17:33 Castle Age
15:53 Stone Mining
16:36 Gold Mining
[FUCKI] Obi-One Canboneme
7:44 Loom
10:14 Feudal Age
12:27 Bloodlines
14:41 Scale Barding Armor
17:35 Wheelbarrow
16:52 Double-Bit Axe
18:02 Forging
Valodimer
2:25 Loom
10:37 Feudal Age
12:52 Double-Bit Axe
15:00 Gold Mining
15:49 Fletching
17:35 Padded Archer Armor
19:09 Horse Collar
DSLG | Rommel
2:44 Loom
10:23 Feudal Age
10:53 Double-Bit Axe
19:41 Castle Age
18:02 Gold Mining
17:55 Domestication
18:28 Forging
18:34 Scale Barding Armor
21:03 Iron Casting
Connection lost

Rejoining the realm…

Still unreachable

The connection could not be restored.

Session expired

The server has moved on; the page needs a fresh start.